 Dungeon Crawl Stone Soup version 0.30-a0-629-gd54f4be4f7 (webtiles) character file.

Game seed: 10763582065180265067

4620 pokeman the Thaumaturge (level 10, -6/56 HPs)
             Began as a Deep Elf Hedge Wizard on Jan 12, 2023.
             Was a Priest of Vehumet.
             Mangled by a troll (10 damage)
             ... on level 9 of the Dungeon.
             The game lasted 00:19:08 (9464 turns).

pokeman the Thaumaturge (Deep Elf Hedge Wizard)     Turns: 9464, Time: 00:19:08

Health: -6/56      AC:  6    Str:  9    XL:     10   Next: 19%
Magic:  18/29      EV: 13    Int: 24    God:    Vehumet [***...]
Gold:   385        SH:  5    Dex: 20    Spells: 14/35 levels left

rFire   . . .      SeeInvis .    K - +7 whip of Entrepreneurial Spirit {freeze, Str+2 Stlth+}
rCold   . . .      Faith    .    (no shield)
rNeg    . . .      Spirit   .    n - +1 leather armour {rPois}
rPois   +          Reflect  +    c - +0 hat
rElec   .          Harm     .    p - +0 cloak
rCorr   +          Rampage  .    s - +0 pair of gloves
Will    +....                    (no boots)
Stlth   +++                      M - amulet of reflection
HPRegen 0.29/turn                C - +6 ring of dexterity
MPRegen 0.21/turn                J - ring of resist corrosion

@: no status effects
A: no striking features
a: Renounce Religion


You were on level 9 of the Dungeon.
You worshipped Vehumet.
Vehumet was most pleased with you.
You visited 2 branches of the dungeon, and saw 10 of its levels.

You collected 586 gold pieces.
You spent 201 gold pieces at shops.

Inventory:

Hand Weapons
 o - a +2 quarterstaff of chaos
 E - a +1 spear of venom
 K - the +7 whip of Entrepreneurial Spirit (weapon) {freeze, Str+2 Stlth+}
   (You found it on level 7 of the Dungeon)

   Str:       It affects your strength (+2).
   Stlth:     It makes you more stealthy.
Missiles
 N - 3 curare-tipped darts
Armour
 c - a +0 hat (worn)
 n - a +1 leather armour of poison resistance (worn)
 p - a +0 cloak (worn)
 s - a +0 pair of gloves (worn)
 t - a +1 scale mail of cold resistance
 y - an orb of light
Magical Staves
 e - a staff of death
 B - a staff of cold
Jewellery
 C - a +6 ring of dexterity (left hand)
 J - a ring of resist corrosion (right hand)
 M - an amulet of reflection (around neck)
Wands
 q - a wand of mindburst (2)
 D - a wand of charming (4)
 I - a wand of flame (16)
Scrolls
 g - 8 scrolls of identify
 i - 6 scrolls of teleportation
 j - a scroll of summoning {unknown}
 k - a scroll of poison {unknown}
 l - 5 scrolls of blinking
 m - 2 scrolls of noise {unknown}
 r - a scroll of magic mapping {unknown}
 u - 3 scrolls of immolation {unknown}
 x - 2 scrolls of amnesia {unknown}
 F - a scroll of fear {unknown}
 H - a scroll of vulnerability {unknown}
 P - a scroll of brand weapon {unknown}
Potions
 a - 2 potions of haste {unknown}
 b - 2 potions of lignification {unknown}
 d - 2 potions of magic
 f - 6 potions of heal wounds {unknown}
 h - 6 potions of curing
 v - 3 potions of attraction {unknown}
 w - 2 potions of berserk rage {unknown}
 z - a potion of mutation {unknown}
 A - 2 potions of cancellation {unknown}
 G - a potion of ambrosia {unknown}
 L - 3 potions of resistance {unknown}
 O - a potion of flight {unknown}


   Skills:
 - Level 4.0 Fighting
 + Level 3.1 Armour
 - Level 3.1 Dodging
 - Level 3.0 Stealth
 * Level 13.0 Spellcasting
 + Level 7.3 Conjurations
 + Level 3.2 Summonings
 - Level 4.5 Necromancy
 - Level 1.1 Translocations
 + Level 0.2 Fire Magic
 - Level 3.0 Ice Magic
 - Level 1.2 Air Magic
 - Level 2.0 Poison Magic
 - Level 1.0 Evocations


You had 14 spell levels left.
You knew the following spells:

 Your Spells              Type           Power      Damage    Failure   Level
a - Magic Dart            Conj           100%       1d8       1%          1
b - Mephitic Cloud        Conj/Pois/Air  32%        N/A       1%          3
c - Call Imp              Summ           31%        N/A       1%          2
d - Blink                 Tloc           40%        N/A       4%          2
e - Foxfire               Conj/Fire      100%       2x1d9     1%          1
f - Flame Wave            Conj/Fire      33%        2d10      3%          4
g - Airstrike             Air            10%        2d(2-18)  9%          4
h - Shock                 Conj/Air       100%       1d9       1%          1
i - Swiftness             Air            21%        N/A       10%         3

Your spell library contained the following spells:

 Spells                   Type           Power      Damage    Failure   Level
 Kiss of Death            Conj/Necr      100%       2d13      1%          1
 Cigotuvi's Dreadful Rot  Necr/Pois/Air  56%        N/A       2%          2
 Vampiric Draining        Necr           37%        2d8       2%          3
 Ozocubu's Armour         Ice            30%        N/A       4%          3
 Slow                     Hex            60%        N/A       5%          1
 Dispel Undead            Necr           37%        3d15      9%          4
 Confusing Touch          Hex            15%        N/A       16%         3
 Conjure Ball Lightning   Conj/Air       18%        3x3d6     32%         6
 Ozocubu's Refrigeration  Ice            15%        4d10      95%         7
 Discord                  Hex            7%         N/A       100%        8
 Disjunction              Tloc           10%        N/A       100%        8


Dungeon Overview and Level Annotations

Branches:
Dungeon (9/15)             Temple (1/1) D:4             Orc (0/2) D:9
   Lair: D:8-11

Altars:
Ashenzari
Cheibriados
Dithmenos
Elyvilon
Fedhas
Hepliaklqana
Kikubaaqudgha
Makhleb
Qazlal
Ru
Sif Muna
Uskayaw
Vehumet
Wu Jian
Xom
Yredelemnul
Zin
The Shining One

Shops:
D:3 (   D:5 *   D:7 *

Annotations:
D:5 3 runed translucent doors, acebull12's ghost, novice DjIE


Message History

The ball explodes into a vile cloud!
The stinking cloud engulfs the troll but does no damage.
The troll is almost dead.
The stinking cloud engulfs you but does no damage.
The stinking cloud engulfs your foxfire but does no damage. x2
You hear a shout!
The foxfire hits the troll.
The troll is almost dead.
The foxfire hits the troll.
The troll is almost dead.
The troll is engulfed in noxious fumes.
The troll appears confused.
You block the troll's attack. The troll claws you! x2
Unknown command.
Casting: Mephitic Cloud (safe; 1% risk of failure)
Confirm with . or Enter, or press ? or * to list all spells.
You conjure some foxfire!
The foxfire hits the orc but does no damage.
The troll is engulfed in noxious fumes.
The troll appears confused.
The troll bites you. The troll claws you!
* * * LOW HITPOINT WARNING * * *
The troll claws you.
* * * LOW HITPOINT WARNING * * *
Unknown command.
Casting: Foxfire (safe; 1% risk of failure)
Confirm with . or Enter, or press ? or * to list all spells.
Aiming: Mephitic Cloud (safe; 1% risk of failure)
Press: ? - help, Shift-Dir - straight line, f - orc, p - troll
Aim: an orc, wielding a +0 club and quivering boomerangs (chance to affect: 96%)
The ball explodes into a vile cloud!
The stinking cloud engulfs the orc but does no damage.
The stinking cloud engulfs the centaur but does no damage.
The foxfire hits the orc!
You kill the orc!
Vehumet accepts your kill.
The orc is engulfed in noxious fumes.
The orc appears confused.
The troll is engulfed in noxious fumes.
The troll misses you. The troll claws you.
* * * LOW HITPOINT WARNING * * *
The troll claws you!
You die...

....#
....#
....#
....#
.○..#
###o..
##○°§#####
#☼T@)....#
#......)(#
#........#
#........#
#...$>...#
#........#
+........#
#...)....#


You could see a troll (confused) and an orc (confused).

Vanquished Creatures
  Erica (D:8)
  A two-headed ogre (D:6)
  A kobold demonologist (D:9)
  A basilisk (D:8)
  2 water moccasins
  A swamp drake (D:9)
  3 orc warriors (D:9)
  A sky beast (D:7)
  2 ice beasts (D:7)
  A phantom (D:6)
  4 kobold brigands (D:9)
  6 bullfrogs
  2 necrophages
  2 gnoll sergeants
  A scorpion (D:4)
  A howler monkey (D:5)
  An electric eel (D:7)
  2 hounds
  2 jellies
  9 orc priests
  Jessica (D:2)
  2 iguanas (D:5)
  11 orc wizards
  9 gnolls
  7 adders
  A shadow imp (D:5)
  A white imp (D:5)
  An ufetubus (D:5)
  41 orcs
  3 bats (D:2)
  6 endoplasms
  3 giant cockroaches
  8 goblins
  5 hobgoblins
  6 jackals
  21 kobolds
  3 quokkas (D:4)
  5 ball pythons
  A frilled lizard (D:2)
  3 rats
182 creatures vanquished.

Vanquished Creatures (collateral kills)
  Crazy Yiuf (D:2)
  An orc wizard (D:4)
  An adder (D:6)
  2 orcs (D:4)
5 creatures vanquished.

Vanquished Creatures (others)
  264 foxfires
  2 plants (D:7)
266 creatures vanquished.

Grand Total: 453 creatures vanquished

Notes
Turn   | Place    | Note
-------+----------+-------------------------------------------
     0 | D:1      | pokeman the Deep Elf Hedge Wizard began the quest for the
                  | Orb.
     0 | D:1      | Reached XP level 1. HP: 10/10 MP: 7/7
   332 | D:1      | Reached XP level 2. HP: 15/15 MP: 3/9
  1180 | D:2      | Found a faded altar of an unknown god.
  1282 | D:2      | Reached skill level 5 in Spellcasting
  1485 | D:2      | Reached XP level 3. HP: 20/20 MP: 5/11
  1489 | D:2      | Learned a level 3 spell: Mephitic Cloud
  1492 | D:2      | Learned a level 2 spell: Call Imp
  1495 | D:2      | Learned a level 2 spell: Blink
  1541 | D:2      | Noticed Jessica
  1545 | D:2      | Killed Jessica
  1546 | D:2      | Reached skill level 1 in Fighting
  1546 | D:2      | Reached skill level 1 in Armour
  2012 | D:2      | Found a runed translucent door.
  2013 | D:2      | Noticed Crazy Yiuf
  2253 | D:2      | Killed Crazy Yiuf
  2254 | D:2      | Reached XP level 4. HP: 25/25 MP: 2/13
  2822 | D:3      | Found Omuo's Weapon Shop.
  3070 | D:4      | Noticed a scorpion
  3097 | D:4      | Killed a scorpion
  3098 | D:4      | Reached skill level 6 in Spellcasting
  3098 | D:4      | Reached skill level 1 in Evocations
  3098 | D:4      | Reached XP level 5. HP: 9/29 MP: 1/15
  3271 | D:4      | Found a staircase to the Ecumenical Temple.
  3280 | Temple   | Entered the Ecumenical Temple
  3305 | Temple   | Became a worshipper of Vehumet
  3471 | D:4      | Found a snail-covered altar of Cheibriados.
  3527 | D:4      | Reached skill level 1 in Necromancy
  3527 | D:4      | Reached XP level 6. HP: 24/34 MP: 8/17
  3620 | D:4      | Reached skill level 1 in Air Magic
  3737 | D:4      | Reached skill level 7 in Spellcasting
  4142 | D:5      | Entered Level 5 of the Dungeon
  4156 | D:5      | Reached skill level 1 in Poison Magic
  4174 | D:5      | Reached * piety under Vehumet
  4174 | D:5      | Offered knowledge of Shock by Vehumet.
  4184 | D:5      | Reached XP level 7. HP: 14/38 MP: 2/20
  4191 | D:5      | Learned a level 1 spell: Shock
  4482 | D:5      | Found Lober's General Store.
  4508 | D:5      | Bought a scroll of blinking for 97 gold pieces
  4508 | D:5      | Bought a potion of curing for 39 gold pieces
  4508 | D:5      | Bought a scroll of teleportation for 39 gold pieces
  4508 | D:5      | Bought a scroll of identify for 26 gold pieces
  4523 | D:5      | Found a blossoming altar of Fedhas.
  4674 | D:5      | Learned a level 3 spell: Swiftness
  4908 | D:5      | Found a runed translucent gate.
  4908 | D:5      | Found a runed translucent gate.
  4908 | D:5      | Found a runed translucent gate.
  4908 | D:5      | Noticed acebull12's ghost (novice DjIE)
  5052 | D:5      | Reached skill level 8 in Spellcasting
  5517 | D:6      | Noticed a two-headed ogre
  5600 | D:6      | Killed a two-headed ogre
  5601 | D:6      | Reached skill level 9 in Spellcasting
  5601 | D:6      | Reached XP level 8. HP: 29/44 MP: 7/23
  5743 | D:6      | Reached skill level 5 in Conjurations
  6462 | D:7      | Reached skill level 10 in Spellcasting
  6550 | D:7      | Found Puegeliw's Assorted Antiques.
  6763 | D:7      | Reached XP level 9. HP: 34/48 MP: 18/25
  6866 | D:7      | Identified the +7 whip of Entrepreneurial Spirit {freeze,
                  | Str+2 Stlth+}
  7038 | D:7      | Offered knowledge of Foxfire by Vehumet.
  7041 | D:7      | Learned a level 1 spell: Foxfire
  7045 | D:7      | Reached skill level 11 in Spellcasting
  7258 | D:8      | Reached ** piety under Vehumet
  8081 | D:8      | Noticed Erica
  8096 | D:8      | Killed Erica
  8097 | D:8      | Reached skill level 12 in Spellcasting
  8487 | D:9      | Offered knowledge of Momentum Strike by Vehumet.
  8520 | D:9      | Reached *** piety under Vehumet
  8643 | D:9      | Reached XP level 10. HP: 40/56 MP: 24/28
  8849 | D:9      | Found a staircase to the Orcish Mines.
  8993 | D:9      | Offered knowledge of Flame Wave by Vehumet.
  9001 | D:9      | Learned a level 4 spell: Flame Wave
  9252 | D:9      | Reached skill level 13 in Spellcasting
  9438 | D:8      | Learned a level 4 spell: Airstrike
  9464 | D:9      | Mangled by a troll

Illustrated notes

Levels and vault maps discovered:
D:1:      psy_arrival_dodecagon, layout_loops_ring
D:2:      layout_basic, basic_ecumenical_altar, uniq_crazy_yiuf_cottage,
          uniq_jessica
D:3:      layout_rooms, serial_shops, nicolae_shop_bloodbath_and_beyond,
          chequers_avenue
D:4:      layout_loops_ring, cheibriados_altar_1, minmay_temple_entry_crystal_x
D:5:      layout_basic, fedhas_altar_4, serial_shops, shop,
          gammafunk_ghost_necromancy, grunt_ministairs_4,
          minmay_misc_feat_secret_circle
D:6:      layout_loops_ring
D:7:      layout_rooms, serial_shops, nicolae_shop_overgrown_old_shop,
          kennysheep_generic_room_4
D:8:      layout_basic, uniq_erica
D:9:      layout_roguey, erik_orc_1, kb_rosetta, uniq_pikel
Temple:   nicolae_temple_bog_church

Skill      XL: |  1  2  3  4  5  6  7  8  9 10 |
---------------+-------------------------------+-----
Spellcasting   | 5 6 7 9 10 12 13 | 13.0
Fighting       | 1 2 3 4 |  4.0
Armour         | 1 2 3 |  3.1
Conjurations   | 2 3 4 5 7 |  7.3
Stealth        | 3 |  3.0
Dodging        | 3 |  3.1
Evocations     | 1 |  1.0
Necromancy     | 1 2 4 |  4.5
Air Magic      | 1 |  1.2
Poison Magic   | 1 2 |  2.0
Ice Magic      | 2 3 |  3.0
Summonings     | 2 3 |  3.2
Translocations | |  1.1
Fire Magic     | |  0.2

Action                   |  1- 3 |  4- 6 |  7- 9 | 10-12 || total
-------------------------+-------+-------+-------+-------++-------
Melee: Dagger            |    11 |       |    27 |       ||    38
       Long sword        |       |    43 |       |       ||    43
       Whip              |       |       |    30 |     7 ||    37
 Cast: Magic Dart        |    93 |    80 |    85 |       ||   258
       Call Imp          |     2 |     3 |     3 |     1 ||     9
       Mephitic Cloud    |     1 |     6 |    15 |     9 ||    31
       Blink             |       |     1 |       |       ||     1
       Shock             |       |       |    57 |       ||    57
       Foxfire           |       |       |    93 |    50 ||   143
 Stab: Sleeping          |       |     1 |       |       ||     1
       Confused          |       |     2 |     4 |       ||     6
Armor: Robe              |     6 |       |       |       ||     6
       Leather armour    |     1 |    32 |    20 |     3 ||    56
Dodge: Dodged            |    19 |    52 |    52 |    22 ||   145
Block: Other             |       |       |     8 |     7 ||    15
       Orb               |       |       |     1 |       ||     1
       Reflection        |       |       |     1 |       ||     1

Table legend: (Time is in decaauts)
 A = Elapsed time spent in this place.
 B = Non-inter-level travel time spent in this place.
 C = Inter-level travel time spent in this place.
 D = Time resting spent in this place.
 E = Time spent auto-exploring this place.
 F = Levels seen in this place.
 G = Mean time per level.
                   A        B        C        D        E       F      G
               +--------+--------+--------+--------+--------+-----+--------+
         Total |   9494 |   9191 |    303 |    545 |   7310 |  10 |  949.4 |
       Dungeon |   9452 |   9164 |    288 |    545 |   7296 |   9 | 1050.2 |
        Temple |     41 |     26 |     15 |      0 |     14 |   1 |   41.0 |
               +--------+--------+--------+--------+--------+-----+--------+

Top non-repeatable levels by time:
     D:2: 1562 daAuts
     D:5: 1379 daAuts
     D:8: 1345 daAuts
     D:4: 1064 daAuts
     D:6: 934 daAuts
     D:9: 892 daAuts
     D:1: 890 daAuts
     D:7: 788 daAuts
     D:3: 594 daAuts
  Temple: 41 daAuts
